 BcadrenCrawl: Boulder Brew version 0.04.2-19-ga012a504bd (webtiles) character file.

Game seed: 4172703149374771053, levelgen mode: deterministic

8804 Albert551 the Fighter (level 11, -1/95 HPs) Formicid Fighter. Began on May 18, 2021. Was an Elder of Okawaru. Slain by a spectral blink frog (14 damage) ... in a Gauntlet. The game lasted 00:40:46 (8464 turns).

Albert551 the Fighter (Formicid Fighter)            Turns: 8464, Time: 00:40:47

Health: -1/95      AC: 14    Str: 34    XL:     11 ^: 2871
Magic:  11/11      EV:  9    Int:  7    God:    Okawaru [4* [106]]
Gold:   5620       SH: 17    Dex: 11    Spells: 10/10 levels left

rFire    . . .     Vision   +   a - +0 long sword
rCold    . . .     Gourm    .   u - +2 scutum
rNeg     + . .     Faith    .   J - +0 plate armour
rPois    .         Spirit   .   (helmet unavailable)
rElec    .         Reflect  .   I - scarf {repulsion}
rCorr    .         Harm     .   j - +0 pair of gloves
MR       +....                  (no boots)
Stlth    ..........             (no amulet)
HPRegen  0.41/turn              p - ring of strength
MPRegen  0.21/turn              A - ring of positive energy

@: mighty, drained, repel missiles
A: permanent stasis, dig shafts and tunnels, four strong arms, antennae 3
a: Dig, Shaft Self, Heroism, Renounce Religion


You were in a Gauntlet.
You worshipped Okawaru.
Okawaru was greatly pleased with you.
You were very hungry.

You visited 2 branches of the dungeon, and saw 7 of its levels.
You also visited: Gauntlet.

You collected 5786 gold pieces.
You spent 166 gold pieces at shops.

Inventory:

Weapons
 a - a +0 long sword (weapon)
 r - a +0 hand crossbow Shields
 b - a +0 heater shield
 u - a +2 scutum (shield)
Armour
 j - a +0 pair of gloves (worn)
 F - a +1 cloak
 I - a scarf of repulsion (worn)
 J - a +0 plate armour (worn)
Jewellery
 c - a cursed ring of wizardry {(Curse: Int-2)}
 l - a cursed ring of resist corrosion {(Curse: *Drain)}
 m - a cursed ring of slaying {(Curse: *Drain)}
 p - a ring of strength (left hand)
 v - an uncursed ring of positive energy
 A - a ring of positive energy (right hand)
 B - a cursed ring of protection {(Curse: rF-)}
 C - an uncursed ring of fire
 D - a cursed amulet of faith {(Curse: Dex-4)}
 E - a cursed ring of magical power {(Curse: rC-)}
 G - a cursed amulet of magic regeneration {(Curse: -Vis rC-)}
Wands
 n - a wand of ensnaring (9)
 z - a wand of random effects (18)
Scrolls
 i - a scroll of enchantment
 s - 3 scrolls of teleportation
 t - 2 scrolls of fear
 w - a scroll of amnesia
 x - a scroll of fog
 y - 2 scrolls of bless item
Potions
 d - a potion of might
 e - a potion of brilliance
 g - a potion of heal wounds
 h - 3 potions of curing
 k - a potion of cure mutation
 o - a potion of agility
 q - a potion of magic
 H - a potion of invisibility
Comestibles
 f - 14 rations


   Skills:
 - Level 11.9(11.1) Fighting
 * Level 8.2(7.5) Long Blades
 + Level 7.0(6.3) Armour
 + Level 4.8(4.2) Dodging
 * Level 10.2(9.4) Shields


You had 10 spell levels left.
You didn't know any spells.
Your spell library was empty.

Dungeon Overview and Level Annotations

Branches:
Dungeon (6/8)              Temple (1/1) D:4            Lair (0/6) D:5
Gauntlet (1/1)
    Orc: D:6

Altars:
Ashenzari
Cheibriados
Dithmenos
Elyvilon
Fedhas Madash
Hepliaklqana
Makhleb
Nemelex Xobeh
Okawaru
Qazlal
Ru
Sif Muna
Uskayaw
Vehumet
Wu Jian
Xom
Yredelemnul
Zin
The Shining One

Shops:
D:3 [*(?

Annotations:
Gauntlet 11 transporters


Innate Abilities, Weirdness & Mutations

You cannot be hasted, slowed, berserked, paralysed or teleported.
You can dig through walls and to a lower floor.
Your four strong arms can wield two-handed weapons with a shield.
You have a pair of large antennae on your head. (+Vis)


Message History

The spectral swooping magpie claws you (4).
* * * LOW HITPOINT WARNING * * *
You partially resist.
You feel drained.
You slice the spectral komodo dragon (18)!!
The spectral komodo dragon is severely damaged. (9/44) HP The spectral swooping magpie pecks you (2).
* * * LOW HITPOINT WARNING * * *
You block the spectral swooping magpie's attack.
The spectral swooping magpie claws you but does no damage.
The spectral blink frog hits you (4).
* * * LOW HITPOINT WARNING * * *
You block the spectral komodo dragon's attack.
The spectral swooping magpie pecks you (1).
* * * LOW HITPOINT WARNING * * *
You partially resist.
You feel drained.
The spectral swooping magpie claws you (3).
* * * LOW HITPOINT WARNING * * *
The spectral swooping magpie claws you but does no damage.
The spectral blink frog hits you (14)!
You die...

### ### ### ### ### ### ### #8#
#8# #8# #8# #8# #8# #8#
#############################
###§...........................
#8#............................
###..###########...###########.
#..#......BZ@#.8.#...#.....#.
###..#.......ZZ#...#..#..##.G#.
#8#..#........B#####..##..#.?#.
###..#........[#...#..#..##.[#.
#.©#....©...©#©.©#u.##©.#.©#.
###..#........:#...#..#..##.?#.
#8#..#........$#####..##..#G/#.
###..#.........#...#..#..##..#.
#..#.........#...#...#.....#.


You could see a cyan ugly thing (sleeping), a spectral komodo dragon, a spectral
swooping magpie, a spectral blink frog and 2 death scarabs.

Vanquished Creatures
  2 trolls (D:5)
  A vampire (D:5)
  A wyvern (D:5)
  3 hippogriffs
  12 yaks
  2 humans (D:4)
  A vampire mosquito (D:6)
  A slime creature (D:5)
  A phantom (D:5)
  2 water moccasins (D:5)
  3 orc warriors (D:5)
  3 scorpions
  3 porcupines
  A black bear (D:5)
  An ice beast (D:6)
  3 ogres (D:4)
  3 crocodiles
  8 big kobolds
  A meliai zombie (D:4)
  8 bullfrogs
  A centaur (D:5)
  A spectral rime drake (Gauntlet)
  2 howler monkeys (D:5)
  4 killer bees (D:5)
  2 quasits (D:5)
  A hound (D:5)
  2 crimson imps (D:4)
  3 orc priests
  8 jellies
  4 iguanas
  6 orc wizards
  9 worker ants
  A wyvern zombie (D:4)
  A water moccasin skeleton (D:5)
  2 wyvern skeletons (D:4)
  5 giant cockroaches
  3 bullfrog zombies
  3 bullfrog skeletons (D:4)
  3 gnolls (D:4)
  A shadow imp (D:4)
  12 adders
  38 sewer rats (D:2)
  A white imp (D:4)
  3 worms
  12 cinder newts
  An ooze (D:2)
  A dart slug (D:1)
  11 leopard geckos
  29 orcs
  A cinder newt skeleton (D:2)
  7 goblins (D:1)
  5 hobgoblins (D:1)
  4 jackals
  6 quokkas
  4 ball pythons
  7 bats
  A goblin skeleton (D:2)
  A hobgoblin skeleton (D:2)
  43 kobolds
  A kobold skeleton (D:2)
  4 rats
  A rat skeleton (D:2)
  A bush (D:4)
  A giant blowfly (D:2)
  3 plants (D:2)
  11 withered plants (D:2)
331 creatures vanquished.

Vanquished Creatures (others)
  2 giant cockroaches (D:2)
  2 leopard geckos (D:2)
  2 bats (D:2)
  3 kobolds (D:2)
  5 ball pythons (D:2)
  A ball python skeleton (D:2)
  A bat skeleton (D:2)
  A hobgoblin skeleton (D:2)
  A rat (D:2)
  A rat skeleton (D:2)
  2 giant blowflies (D:2)
  A plant (D:2)
  6 slimeheads (D:2)
  123 withered plants (D:2)
151 creatures vanquished.

Grand Total: 482 creatures vanquished

Notes
Turn   | Place    | Note
-------+----------+-------------------------------------------
     0 | D:1      | Albert551 the Formicid Fighter began the quest for the Orb.
     0 | D:1      | Reached XP level 1. HP: 18/18 MP: 1/1
    24 | D:1      | Reached XP level 2. HP: 22/24 MP: 2/2
    91 | D:1      | Reached skill level 4 in Fighting
    91 | D:1      | Reached XP level 3. HP: 28/30 MP: 3/3
   162 | D:1      | Identified the cursed amulet "Bued" {RegenMP rC+ MR+ Int-3
                  | Dex+4, (Curse: Fragile)}
   340 | D:1      | Reached XP level 4. HP: 38/38 MP: 4/4
   453 | D:1      | Reached skill level 5 in Fighting
   636 | D:2      | Reached XP level 5. HP: 37/44 MP: 5/5
   743 | D:2      | Reached skill level 6 in Fighting
   809 | D:2      | Reached skill level 7 in Fighting
   809 | D:2      | Reached XP level 6. HP: 55/55 MP: 6/6
   964 | D:2      | Reached XP level 7. HP: 52/61 MP: 7/7
   987 | D:2      | Reached skill level 8 in Fighting
  1203 | D:2      | Reached skill level 9 in Fighting
  1438 | D:2      | Identified a scroll of acquirement
  1438 | D:2      | Reached XP level 8. HP: 71/71 MP: 8/8
  1798 | D:2      | Reached skill level 10 in Fighting
  2193 | D:2      | Reached skill level 11 in Fighting
  2212 | D:2      | Found a blossoming altar of Fedhas.
  2570 | D:2      | Reached XP level 9. HP: 59/81 MP: 9/9
  3338 | D:3      | Found Filiokk's General Store.
  3347 | D:3      | Bought a scroll of fear for 49 gold pieces
  3347 | D:3      | Bought a +0 scutum for 63 gold pieces
  3352 | D:3      | Found Qufojak's Armour Boutique.
  3368 | D:3      | Bought a +0 cloak for 54 gold pieces
  3477 | D:3      | Found Niubuido's Magic Scroll Shoppe.
  3562 | D:3      | Found a hide-covered altar of Uskayaw.
  3858 | D:3      | Found Fonien's Weapon Emporium.
  3901 | D:3      | Found a white marble altar of Elyvilon.
  4376 | D:4      | Reached skill level 1 in Dodging
  4520 | D:4      | Reached skill level 5 in Shields
  4652 | D:4      | Identified the +2 pair of gloves of Jigsaw {rElec rF- rC+
                  | MR++} (You acquired it on level 4 of the Dungeon)
  4652 | D:4      | Identified the +6 staff of Xom's Delight {energy, death;
                  | rC++ rN+ MR+ Int+4} (You acquired it on level 4 of the
                  | Dungeon)
  5156 | D:4      | Found an iron altar of Okawaru.
  5177 | D:4      | Reached XP level 10. HP: 61/89 MP: 10/10
  5252 | D:4      | Became a worshipper of Warmaster Okawaru
  5301 | D:4      | Reached skill level 5 in Long Blades
  5362 | D:4      | Found a staircase to the Ecumenical Temple.
  5377 | D:6      | Connectivity tunneler affected zombieorc1_lemuel.
  5377 | Temple   | Entered the Ecumenical Temple
  5457 | D:4      | Reached skill level 5 in Armour
  5699 | D:5      | Entered Level 5 of the Dungeon
  5813 | D:5      | Found a shimmering blue altar of Sif Muna.
  5822 | D:5      | Received a gift from Okawaru
  6020 | D:5      | Reached * piety under Okawaru
  6581 | D:5      | Reached ** piety under Okawaru
  6624 | D:5      | Found a staircase to the Lair.
  6736 | D:5      | Reached XP level 11. HP: 51/95 MP: 11/11
  6753 | D:5      | Reached *** piety under Okawaru
  7793 | D:5      | Reached **** piety under Okawaru
  7793 | D:5      | Received a gift from Okawaru
  7793 | D:5      | Reached skill level 10 in Shields
  8096 | D:6      | Noticed a two-headed ogre
  8211 | D:6      | Found a gate leading to a gauntlet.
  8223 | Gauntlet | Entered a Gauntlet
  8223 | Gauntlet | Found a transporter.
  8223 | Gauntlet | Found a transporter.
  8223 | Gauntlet | Found a transporter.
  8223 | Gauntlet | Noticed a death scarab
  8223 | Gauntlet | Noticed a death scarab
  8227 | Gauntlet | Found a transporter.
  8228 | Gauntlet | Found a transporter.
  8237 | Gauntlet | Noticed a glowing orange brain
  8238 | Gauntlet | Found a transporter.
  8252 | Gauntlet | Found a transporter.
  8257 | Gauntlet | Found the +10 large shield of Ignorance {rN+ Int-4}
  8260 | Gauntlet | Found a transporter.
  8277 | Gauntlet | Found a transporter.
  8285 | Gauntlet | Found a transporter.
  8304 | Gauntlet | Found a transporter.
  8357 | Gauntlet | Noticed a glowing orange brain
  8358 | Gauntlet | Identified the +2 hat of Pepam {rPois MR+ Int+9}
  8359 | Gauntlet | Found a transporter.
  8464 | Gauntlet | Slain by a spectral blink frog

Levels and vault maps discovered:
D:1:      erik_arrival_triangle_small, layout_rooms
D:2:      layout_sewer, fedhas_altar_1, first_ration
D:3:      layout_loops_corners, kennysheep_mini_moat, lemuel_round_altar,
          serial_shops, shop, shop, shop, shop
D:4:      layout_basic, okawaru_humans, minmay_temple_entry_trees
D:5:      layout_basic, lair_entry_dummy, basic_altar
D:6:      layout_roguey, zombieorc1_lemuel, special_room [special_room_orc],
          gauntlet_entry_generic, serial_shops,
          nicolae_shop_temple_entry_statues_fountains, hangedman_stone_soup
Temple:   nicolae_temple_no_exploring_needed
Gauntlet: gammafunk_gauntlet_shortcut [gammafunk_gauntlet_arena_open,
          gammafunk_gauntlet_arena_teeth, nicolae_gauntlet_arena_grate_2,
          nicolae_gauntlet_arena_t_cross, gammafunk_gauntlet_arena_arrow_garden,
          gammafunk_gauntlet_arena_split_diamond, gauntlet_exit_hidden_loot]

Skill      XL: |  1  2  3  4  5  6  7  8  9 10 11 |
---------------+----------------------------------+-----
Fighting       | 4 5 7 9 11 | 11.9
Shields        | 6 8 10 | 10.2
Dodging        | 2 4 |  4.8
Long Blades    | 4 7 8 |  8.2
Armour         | 4 6 7 |  7.0

Action                   |  1- 3 |  4- 6 |  7- 9 | 10-12 || total
-------------------------+-------+-------+-------+-------++-------
Melee: Long sword        |    35 |    77 |   350 |   291 ||   753
Invok: Heroism           |       |       |       |     2 ||     2
 Abil: Dig               |       |       |       |     1 ||     1
  Use: Scroll            |       |       |     4 |       ||     4
       Potion            |       |       |       |     5 ||     5
  Eat: Chunk             |       |       |    15 |    10 ||    25
Armor: Scale mail        |    19 |    35 |   157 |    16 ||   227
       Plate armour      |       |       |       |   122 ||   122
Dodge: Dodged            |    19 |    38 |   130 |    83 ||   270
       Deflected         |       |       |       |     3 ||     3
Block: Heater shield     |    15 |    26 |    78 |       ||   119
       Scutum            |       |       |    73 |   297 ||   370
       Rpst.: Long sword |     7 |    17 |    39 |    15 ||    78
